 Dungeon Crawl Stone Soup version 0.30.1-11-g7821555f0a (webtiles) character file.

Game seed: 2329548971075673250

50 Okkudo the Chopper (level 3, -1/34 HPs)
             Began as a Hill Orc Monk on Dec 4, 2023.
             Slain by a gnoll
             ... wielding a +0 club
              (3 damage)
             ... on level 2 of the Dungeon.
             The game lasted 00:03:44 (1559 turns).

Okkudo the Chopper (Hill Orc Monk)                  Turns: 1559, Time: 00:03:46

Health: -1/34      AC:  5    Str: 15    XL:     3   Next: 79%
Magic:  3/3        EV: 13    Int: 10    God:
Gold:   105        SH:  0    Dex: 19    Spells: 2/2 levels left

rFire   . . .        a - +0 hand axe
rCold   . . .        d - orb {light}
rNeg    . . .        b - +0 robe
rPois   +            (no helmet)
rElec   .            (no cloak)
rCorr   .            f - +2 pair of gloves
SInv    .            (no boots)
Will    .....        (no amulet)
Stlth   +            q - +6 ring of dexterity
HPRegen 0.25/turn    n - ring of poison resistance
MPRegen 0.08/turn

%: no passive effects
@: glowing
A: no striking features
a: no special abilities


You were on level 2 of the Dungeon.
You visited 1 branch of the dungeon, and saw 2 of its levels.

You collected 105 gold pieces.

Inventory:

Hand Weapons
 a - a +0 hand axe (weapon)
Missiles
 l - 4 javelins (quivered)
 r - 6 poisoned darts
Armour
 b - a +0 robe (worn)
 d - an orb of light (worn)
 f - a +2 pair of gloves (worn)
 m - a +0 plate armour
Jewellery
 g - a ring of protection from cold
 n - a ring of poison resistance (right hand)
 q - a +6 ring of dexterity (left hand)
Scrolls
 e - 3 scrolls of blinking {unknown}
 i - 2 scrolls of identify {unknown}
 j - a scroll of teleportation {unknown}
 s - a scroll of poison {unknown}
 t - a scroll of brand weapon {unknown}
Potions
 c - a potion of ambrosia
 h - 2 potions of curing {unknown}
 k - a potion of mutation {unknown}
 o - a potion of resistance {unknown}
 p - a potion of cancellation {unknown}


   Skills:
 + Level 4.3 Fighting
 * Level 5.4 Axes
 - Level 2.5 Dodging


You had 2 spell levels left.
You didn't know any spells.
Your spell library contained the following spells:

 Spells                   Type           Power      Damage    Failure   Level
 Summon Small Mammal      Summ           0%         N/A       36%         1
 Gell's Gravitas          Tloc           0%         N/A       75%         3
 Inner Flame              Hex/Fire       0%         N/A       75%         3
 Teleport Other           Tloc           0%         N/A       75%         3
 Flame Wave               Conj/Fire      0%         2d4       98%         4
 Sticky Flame             Conj/Fire      0%         2d3       98%         4
 Dispersal                Tloc           0%         N/A       100%        6


Dungeon Overview and Level Annotations

Branches:
Dungeon (2/15)

Altars:


Message History

The gnoll shouts!
You hear a shout! x2
A gnoll comes into view. It is wielding a +0 club.
The gnoll shouts!
You hit the endoplasm.
The endoplasm is heavily wounded.
The endoplasm hits you.
A gnoll comes into view. It is wielding a +0 spear.
You hit the endoplasm.
The endoplasm is severely wounded.
The endoplasm misses you.
A gnoll comes into view. It is wielding a +0 spear.
You slash the endoplasm!
You kill the endoplasm!
The gnoll throws a throwing net.
The throwing net hits you.
You become entangled in the net!
You see here a throwing net.
You struggle against the net.
You struggle against the net.
You tear a large gash into the net.
The gnoll hits you from afar with a +0 spear.
You rip the net and break free!
The gnoll hits you from afar with a +0 spear.
The gnoll hits you but does no damage.
You hit the gnoll but do no damage.
The gnoll hits you from afar with a +0 spear.
The gnoll hits you with a +0 club. The gnoll hits you but does no damage.
The gnoll hits you with a +0 club.
You hit the gnoll.
The gnoll is moderately wounded.
The gnoll hits you but does no damage. The gnoll hits you with a +0 club.
You hit the gnoll.
The gnoll is heavily wounded.
The gnoll hits you from afar with a +0 spear.
The gnoll misses you.
The gnoll hits you from afar with a +0 spear!
* * * LOW HITPOINT WARNING * * *
The gnoll hits you with a +0 club.
* * * LOW HITPOINT WARNING * * *
The gnoll hits you with a +0 club.
You die...

#.......### #.........###
#..).†..#...#####
#.......###...... #.......#
######. . ######.## ## ...
#..#########
.....##########.##.......
.......g@g.........####..
.......g#.....#..###.....
....=##g#............###.
.... #........###........ ###
##.##.........#.#####
##..##......####<..#
#########..##..............#
#...<......##..............#
#..........##......###..#..##


You could see 4 gnolls.

Vanquished Creatures
  A worm (D:2)
  A dart slug (D:1)
  4 bats (D:1)
  5 endoplasms
  2 giant cockroaches
  5 goblins
  4 hobgoblins
  A quokka (D:1)
  5 ball pythons
  3 frilled lizards
  6 kobolds
  4 rats
41 creatures vanquished.

Notes
Turn   | Place    | Note
-------+----------+-------------------------------------------
     0 | D:1      | Okkudo the Hill Orc Monk began the quest for the Orb.
     0 | D:1      | Reached XP level 1. HP: 19/19 MP: 1/1
    33 | D:1      | Found a faded altar of an unknown god.
    66 | D:1      | Reached XP level 2. HP: 25/27 MP: 2/2
   200 | D:1      | Got Plato's Cyclopedia of the Union
   819 | D:1      | Reached XP level 3. HP: 25/33 MP: 3/3
   838 | D:1      | Reached skill level 5 in Axes
  1559 | D:2      | Slain by a gnoll

Illustrated notes

Levels and vault maps discovered:
D:1:      dpeg_arrival_line_fractal, layout_loops_ring,
          shapermc_ecumenical_altar_rom_forum, chequers_serial_rivers_large_b
D:2:      layout_rooms, minmay_quadrilaterals

Skill      XL: |  1  2  3 |
---------------+----------+-----
Fighting       | 4 |  4.3
Axes           | 5 |  5.4
Dodging        | |  2.5

Action                     || total
---------------------------++-------
  Melee: Hand axe          ||   100
 Armour: Robe              ||    32
  Dodge: Dodged            ||    59
